cohdb
Replays
Latest Replays
All Replays
Popular Replays
Top Player Replays
Match Explorer
How It Works
Community
CoH3 Stats
Reddit
Sign in to upload your games and track your stats! →
Sign in with Steam
Match 41280012
Unlisted
Match 41280012
Overview
Messages
Build Orders
End
Construct Section Command Post
Royal Engineer Section
Infantry Section
Infantry Section
Infantry Section
Construct Platoon Command Post
Selects Canadian Shock Battlegroup
Selects Attacking Spirit
6-pounder Anti-tank Gun Team
Grenade Package
Unlock Bishop Self-propelled Artillery
Vickers Machine Gun Team
Selects Incendiary Munitions
Selects Pyrotechnics
Bishop Self-propelled Artillery
Spaghetti
*Mule
0
0
Comments
sign in to comment!
No comments posted yet!